 Dungeon Crawl Stone Soup version 0.30-a0-1161-g0704695555 (webtiles) character file.

Game seed: 8462227126964831124

1 funkygono the Covered (level 1, -7/19 HPs)
             Began as a Minotaur Fighter on Apr 27, 2023.
             Mangled by a gnoll
             ... wielding a +0 flail
              (11 damage)
             ... on level 1 of the Dungeon.
             The game lasted 00:00:06 (19 turns).

funkygono the Covered (Minotaur Fighter)              Turns: 19, Time: 00:00:06

Health: -7/19      AC:  7    Str: 20    XL:     1   Next: 16%
Magic:  0/0        EV:  9    Int:  5    God:
Gold:   0          SH:  4    Dex:  9    Spells: 0/0 levels left

rFire   . . .        a - +0 war axe
rCold   . . .        c - +0 buckler
rNeg    . . .        b - +0 scale mail
rPois   .            (helmet restricted)
rElec   .            (no cloak)
rCorr   .            (no gloves)
SInv    .            (no boots)
Will    .....        (no amulet) Stlth
                     (no ring)
HPRegen 0.23/turn    (no ring)
MPRegen 0.07/turn

%: no passive effects
@: no status effects
A: horns 2, retaliatory headbutt
a: no special abilities


You were on level 1 of the Dungeon.
You visited 1 branch of the dungeon, and saw 1 of its levels.

Inventory:

Hand Weapons
 a - a +0 war axe (weapon)
Armour
 b - a +0 scale mail (worn)
 c - a +0 buckler (worn)
Potions
 d - a potion of might


   Skills:
 + Level 3.6 Fighting
 + Level 2.4 Axes
 + Level 3.7 Armour
 + Level 3.6 Shields


You couldn't memorise any spells.
You didn't know any spells.
Your spell library was empty.

Dungeon Overview and Level Annotations

Branches:
Dungeon (1/15)

Altars:


Innate Abilities, Weirdness & Mutations

You have a pair of horns on your head.
You reflexively headbutt those who attack you in melee.


Message History

A gnoll comes into view. It is wielding a +0 flail.
The gnoll shouts!
Found 9 gold pieces.
A hobgoblin comes into view.
You see here 9 gold pieces.
The hobgoblin shouts!
The gnoll hits you with a +0 flail.
You see here +0 ice dragon scales.
You hit the gnoll.
The gnoll is lightly wounded.
The gnoll hits you with a +0 flail.
You hit the gnoll.
The gnoll is heavily wounded.
You block the gnoll's attack.
You barely miss the gnoll.
The gnoll is heavily wounded.
The gnoll hits you with a +0 flail. You block the gnoll's attack.
You barely miss the gnoll.
The gnoll is heavily wounded.
You barely miss the hobgoblin.
The hobgoblin hits you but does no damage.
The gnoll hits you with a +0 flail.
* * * LOW HITPOINT WARNING * * *
You hit the hobgoblin.
The hobgoblin is severely wounded.
You barely miss the gnoll. The hobgoblin hits you.
* * * LOW HITPOINT WARNING * * *
The gnoll hits you but does no damage. The hobgoblin hits you.
* * * LOW HITPOINT WARNING * * *
The gnoll barely misses you.
You closely miss the gnoll.
The gnoll is heavily wounded.
You hit the hobgoblin.
You kill the hobgoblin!
You block the gnoll's attack.
You barely miss the gnoll. Your headbutt misses the gnoll.
The gnoll is heavily wounded.
The gnoll hits you with a +0 flail!
Ouch! That really hurt!
You die...

#...$## #..... ##....#
.....# ....# ###### #
#... ......
..###.##.#####.......
......g@$...........
....#.........####.#
..............####.####
...#....#####.....#####
.. #....#...#.....#...#
. ###>##.⌠.#.....#.⌠.#
#..#...#.....#...#
..######.....#####
.##...............


You could see a gnoll.

Vanquished Creatures
  A hobgoblin (D:1)
1 creature vanquished.

Notes
Turn   | Place    | Note
-------+----------+-------------------------------------------
     0 | D:1      | funkygono the Minotaur Fighter began the quest for the Orb.
     0 | D:1      | Reached XP level 1. HP: 19/19 MP: 0/0
    19 | D:1      | Mangled by a gnoll

Illustrated notes

Levels and vault maps discovered:
D:1:      minmay_arrival_glassed_features, layout_rooms, serial_shops, shop,
          nicolae_concentric_dashed_squares_wild

Action                     || total
---------------------------++-------
  Melee: War axe           ||     7
 Armour: Scale mail        ||     2
  Dodge: Dodged            ||     1
  Block: Buckler           ||     3

Table legend: (Time is in decaauts)
 A = Elapsed time spent in this place.
 B = Non-inter-level travel time spent in this place.
 C = Inter-level travel time spent in this place.
 D = Time resting spent in this place.
 E = Time spent auto-exploring this place.
 F = Levels seen in this place.
 G = Mean time per level.
                   A        B        C        D        E       F      G
               +--------+--------+--------+--------+--------+-----+--------+
         Total |     21 |     21 |      0 |      0 |      4 |   1 |   21.0 |
       Dungeon |     21 |     21 |      0 |      0 |      4 |   1 |   21.0 |
               +--------+--------+--------+--------+--------+-----+--------+

Top non-repeatable levels by time:
     D:1: 21 daAuts
